 Dungeon Crawl Stone Soup version 0.14-a0-1388-g200237c (webtiles) character file.

2818 Malachi the Ruffian (level 9, -1/67 HPs)
             Began as a Demonspawn Fighter on Dec 9, 2013.
             Was a Follower of Makhleb.
             Slain by a lava fish (2 damage)
             ... on Level 7 of the Dungeon.
             The game lasted 00:15:44 (8434 turns).

Malachi the Ruffian (Demonspawn Fighter)            Turns: 8434, Time: 00:15:44

HP  -1/67        AC 15     Str 17      XL: 9   Next: 28%
MP  10/10        EV  8     Int 10      God: Makhleb [*.....]
Gold 324         SH  0     Dex 16      Spells:  0 memorised,  8 levels left

rFire  + . .     SeeInvis .       - Unarmed
rCold  + . .     Clarity  .     b - +0 scale mail
rNeg   . . .     Conserve .     (no shield)
rPois  .         rCorr    .     (no helmet)
rElec  .         rRot     .     D - +0 cloak
SustAb . .       Spirit   .     (no gloves)
rMut   .         Warding  .     (no boots)
Saprov . . .     Stasis   .     (no amulet)
                                G - ring "Thigriff" {rC+ Str-2 Dex+2}
                                u - +3 ring of dexterity

@: slightly resistant to hostile enchantments, extremely unstealthy
A: claws 1, rough black scales 2, conserve scrolls, fire resistance 1, ignite
blood
a: Renounce Religion


You were on level 7 of the Dungeon.
You worshipped Makhleb.
Makhleb was aware of your devotion.
You were very hungry.

You visited 2 branches of the dungeon, and saw 8 of its levels.

You collected 324 gold pieces.

Inventory:

Hand weapons
 a - a +0,+0 hand axe
 s - a +5,+4 flail of protection
 z - a +1,+3 orcish morningstar of draining
Armour
 b - a +0 scale mail (worn)
 c - a +0 shield
 D - a +0 cloak (worn)
Magical devices
 w - a wand of disintegration (10) {unknown}
Comestibles
 d - 2 bread rations
 g - 3 meat rations
 l - 15 strawberries
 p - an apricot
 v - 3 pears
 E - 3 rotting chunks of worker ant flesh
 H - 2 apples
Scrolls
 f - a scroll of curse jewellery {unknown}
 i - 5 scrolls of remove curse
 j - a scroll of immolation
 m - a scroll of enchant armour {unknown}
 o - a scroll of fear {unknown}
 x - a scroll of random uselessness {unknown}
 I - a scroll of magic mapping
Jewellery
 e - an uncursed ring of sustain abilities
 q - a +1 ring of protection
 u - a +3 ring of dexterity (left claw)
 G - the ring "Thigriff" (right claw) {rC+ Str-2 Dex+2}
   (You took it off a kobold on level 4 of the Dungeon)

   [ring of protection from cold]

   It affects your strength (-2).
   It affects your dexterity (+2).
Potions
 k - a potion of resistance {unknown}
 n - 2 potions of heal wounds
 r - 2 potions of brilliance {unknown}
 t - a potion of might {unknown}
 A - 2 potions of curing {unknown}
 B - a potion of degeneration {unknown}
 C - 2 potions of agility {unknown}
Books
 F - Twaez's Volume of the Compass and Boosts
   (You found it on level 7 of the Dungeon)

   Spells                             Type                      Level
   Shroud of Golubria                 Charms/Translocation         2
   Control Teleport                   Charms/Translocation         4
   Passage of Golubria                Translocation                4
   Warp Weapon                        Charms/Translocation         5
   Phase Shift                        Translocation                5
Rods
 y - a +1 rod of fiery destruction (11/11)
   (You found it on level 7 of the Dungeon)


   Skills:
 - Level 4.8 Fighting
 - Level 2.4 Axes
 - Level 3.5 Maces & Flails
 - Level 4.7 Armour
 - Level 4.3 Dodging
 - Level 0.6 Stealth
   Level 5.0 Shields
 * Level 7.0 Unarmed Combat
 + Level 0.7 Evocations


You had 8 spell levels left.
You didn't know any spells.

Dungeon Overview and Level Annotations

Branches:
Dungeon (7/16)             Temple (1/1) D:5

Altars:
Ashenzari
Cheibriados
Elyvilon
Fedhas
Kikubaaqudgha
Makhleb
Nemelex Xobeh
Sif Muna
Trog
Vehumet
Xom
Yredelemnul
Zin
the Shining One

Shops:
D:4 ?+   D:6 }[[*+


Innate Abilities, Weirdness & Mutations

You have sharp fingernails.
You are mostly covered in rough black scales (AC +7, Dex -2).
You are very good at protecting items from fire.
Your flesh is heat resistant.
Your demonic aura causes spilled blood to erupt in flames.


Message History

The lava worm is severely wounded.
The lava fish bites you.
You are engulfed in flames.
You resist.
You hit the lava worm.
The lava worm is almost dead.
The lava worm bites you!
You are engulfed in flames.
You resist.
* * * LOW HITPOINT WARNING * * *
The lava fish barely misses you.
You are too injured to fight recklessly!
You are too injured to fight recklessly!
You completely miss the lava worm.
The lava worm is almost dead.
The lava worm bites you!
* * * LOW HITPOINT WARNING * * *
You are engulfed in flames.
You resist.
Your scroll of enchant weapon II catches fire!
* * * LOW HITPOINT WARNING * * *
The lava fish bites you.
* * * LOW HITPOINT WARNING * * *
You are engulfed in flames.
You resist.
You die...

...≈≈≈≈≈.. .... ...≈§§≈§..
.........§ ...≈≈§§≈..
..........≈§
...≈§≈≈≈.§≈≈≈≈§§≈≈≈§.≈≈≈
........§≈§§§≈§§§§§≈...§.
....§...§≈≈§§≈§≈§§§§.....
.........§§§§≈.≈≈≈≈≈.....
.........§≈≈≈≈.§w;≈≈......
................@.........
..........................
..........................
..........................
............(.............
..................$......
.........................
.........................
........................


You could see a lava worm and a lava fish.

Vanquished Creatures
  A centaur (D:7)
  A sky beast (D:6)
  2 ogres
  2 lava worms (D:7)
  Duvessa (D:5)
  A water moccasin (D:7)
  Edmund (D:6)
  3 giant frogs (D:6)
  6 lava fish (D:7)
  7 wights (D:6)
  Dowan (D:5)
  7 crimson imps
  3 lava snakes (D:7)
  A giant frog zombie (D:6)
  An orc priest (D:7)
  3 hounds
  A jelly (D:7)
  2 iguanas (D:4)
  5 orc wizards
  8 worker ants
  Jessica (D:2)
  10 adders
  A giant mite (D:3)
  5 worms
  A giant eyeball (D:4)
  5 giant geckos
  3 oozes
  19 orcs
  A ball python (D:2)
  10 bats
  8 hobgoblins
  2 jackals (D:5)
  2 quokkas
  3 giant cockroaches
  6 giant newts
  5 goblins
  8 kobolds
  A kobold skeleton (D:6)
  An orc skeleton (D:4)
  2 quokka skeletons
  11 rats
  A rat zombie (D:6)
163 creatures vanquished.

Notes
Turn   | Place    | Note
--------------------------------------------------------------
     0 | D:1      | Malachi, the Demonspawn Fighter, began the quest for the Orb.
     0 | D:1      | Reached XP level 1. HP: 18/18 MP: 1/1
   370 | D:1      | Gained mutation: You are partially covered in rough black scales (AC +4, Dex -1). [demonic ancestry]
   370 | D:1      | Reached XP level 2. HP: 24/24 MP: 2/2
  1109 | D:2      | Gained mutation: You have sharp fingernails. [demonic ancestry]
  1109 | D:2      | Reached XP level 3. HP: 16/29 MP: 3/3
  1590 | D:2      | Noticed Jessica
  1614 | D:2      | Killed Jessica
  1614 | D:2      | Reached skill level 1 in Dodging
  1957 | D:2      | Gained mutation: You are very good at protecting items from fire. [demonic ancestry]
  1957 | D:2      | Reached XP level 4. HP: 35/35 MP: 4/4
  2480 | D:3      | Found a bloodstained altar of Trog.
  2980 | D:4      | Gained mutation: Your flesh is heat resistant. [demonic ancestry]
  2980 | D:4      | Reached XP level 5. HP: 35/41 MP: 5/5
  3221 | D:4      | Found Ickutela's Magic Scroll Boutique.
  3250 | D:4      | Reached skill level 1 in Maces & Flails
  3301 | D:4      | Paralysed by a giant eyeball for 2 turns
  3322 | D:4      | Got a wavering platinum ring
  3328 | D:4      | Identified the ring "Thigriff" {rC+ Str-2 Dex+2} (You took it off a kobold on level 4 of the Dungeon)
  3386 | D:4      | Noticed an ogre
  3390 | D:4      | Killed an ogre
  3390 | D:4      | Reached XP level 6. HP: 34/47 MP: 6/6
  3474 | D:4      | Reached skill level 4 in Shields
  3602 | D:4      | Found Megrahigg's Book Shop.
  4095 | D:5      | Entered Level 5 of the Dungeon
  4194 | D:5      | Noticed Dowan
  4196 | D:5      | Noticed Duvessa
  4202 | D:5      | Killed Duvessa
  4202 | D:5      | Gained mutation: You are mostly covered in rough black scales (AC +7, Dex -2). [demonic ancestry]
  4202 | D:5      | Reached XP level 7. HP: 43/53 MP: 7/7
  4226 | D:5      | Killed Dowan
  4491 | D:5      | Found a staircase to the Ecumenical Temple.
  4517 | Temple   | Entered the Ecumenical Temple
  4640 | Temple   | Became a worshipper of Makhleb the Destroyer
  5224 | D:6      | Found a white marble altar of Elyvilon.
  5289 | D:6      | Found a shimmering altar of Xom.
  5290 | D:6      | Found a shimmering altar of Xom.
  5355 | D:6      | Gained mutation: Your demonic aura causes spilled blood to erupt in flames. [demonic ancestry]
  5355 | D:6      | Reached XP level 8. HP: 21/61 MP: 8/8
  5769 | D:6      | Found Thoycs' General Store.
  6300 | D:6      | Found a shimmering altar of Xom.
  6302 | D:6      | Found a shimmering altar of Xom.
  6315 | D:6      | Reached skill level 1 in Unarmed Combat
  6319 | D:6      | Reached skill level 5 in Shields
  6327 | D:6      | Found Sif Daeh's Armour Shop.
  6333 | D:6      | Found Praik's Armour Shoppe.
  6340 | D:6      | Found Yhalefaw's Gadget Emporium.
  6440 | D:6      | Acquired Makhleb's first power
  6531 | D:6      | Noticed Edmund
  6543 | D:6      | Killed Edmund
  6702 | D:6      | Found Juminih's Book Shop.
  7352 | D:7      | Reached skill level 5 in Unarmed Combat
  7394 | D:7      | Reached XP level 9. HP: 38/67 MP: 9/9
  7399 | D:7      | Identified a cursed +1 rod of fiery destruction (11/11) (You found it on level 7 of the Dungeon)
  7744 | D:7      | Reached skill level 6 in Unarmed Combat
  8198 | D:7      | Reached skill level 7 in Unarmed Combat
  8209 | D:7      | Identified Twaez's Volume of the Compass and Boosts
  8434 | D:7      | HP: 1/67 [lava fish (5)]
  8434 | D:7      | Slain by a lava fish

Action                   |  1- 3 |  4- 6 |  7- 9 || total
-------------------------+-------+-------+-------++-------
Melee: Hand axe          |   158 |    36 |       ||   194
       Morningstar       |       |   195 |   149 ||   344
       Unarmed           |       |       |   226 ||   226
       Flail             |       |       |   121 ||   121
Evoke: Rod               |       |       |     1 ||     1
  Use: Scroll            |       |    12 |     2 ||    14
       Potion            |       |       |     2 ||     2
